 Dungeon Crawl Stone Soup version 0.30.1-11-g7821555f0a (webtiles) character file.

Game seed: 8006714641186755243

177 Eitelfritz the Chopper (level 5, 0/46 HPs)
             Began as a Hill Orc Fighter on Jan 13, 2024.
             Slain by an endoplasm (2 damage)
             ... on level 2 of the Dungeon.
             The game lasted 00:03:08 (1232 turns).

Eitelfritz the Chopper (Hill Orc Fighter)           Turns: 1232, Time: 00:03:09

Health: 0/46       AC:  3    Str: 21    XL:     5   Next: 57%
Magic:  5/5        EV: 23    Int:  8    God:
Gold:   95         SH:  4    Dex: 10    Spells: 4/4 levels left

rFire   + . .        a - +0 war axe
rCold   . . .        c - +0 buckler
rNeg    . . .        g - +2 chain mail {rF+}
rPois   .            (no helmet)
rElec   .            (no cloak)
rCorr   .            (no gloves)
SInv    .            (no boots)
Will    .....        e - amulet of the acrobat Stlth
                     (no ring)
HPRegen 0.27/turn    (no ring)
MPRegen 0.09/turn

%: acrobat
@: corroded, acrobatic
A: no striking features
a: no special abilities


You were on level 2 of the Dungeon.
You visited 1 branch of the dungeon, and saw 2 of its levels.

You collected 95 gold pieces.

Inventory:

Hand Weapons
 a - a +0 war axe (weapon)
 n - a +0 war axe
Missiles
 m - 6 poisoned darts (quivered)
Armour
 c - a +0 buckler (worn)
 g - a +2 chain mail of fire resistance (worn)
Jewellery
 e - an amulet of the acrobat (around neck)
Scrolls
 b - 2 scrolls of poison {unknown}
 f - 2 scrolls of identify {unknown}
 j - 2 scrolls of teleportation {unknown}
 o - a scroll of fog {unknown}
 p - a scroll of immolation {unknown}
 q - a scroll of butterflies {unknown}
Potions
 d - a potion of might
 h - 2 potions of resistance {unknown}
 i - 3 potions of berserk rage {unknown}
 k - a potion of haste {unknown}
 l - a potion of flight {unknown}


   Skills:
 + Level 4.1 Fighting
 + Level 6.0 Axes
 + Level 4.0 Armour
 + Level 0.2 Dodging
 + Level 0.1 Stealth
 + Level 3.7 Shields


You had 4 spell levels left.
You didn't know any spells.
Your spell library contained the following spells:

 Spells                   Type           Power      Damage    Failure   Level
 Apportation              Tloc           0%         N/A       98%         1
 Kiss of Death            Conj/Necr      0%         2d5       98%         1
 Necrotise                Necr           0%         1d4       98%         1
 Summon Small Mammal      Summ           0%         N/A       98%         1
 Confusing Touch          Hex            0%         N/A       100%        3
 Dispel Undead            Necr           0%         3d6       100%        4


Dungeon Overview and Level Annotations

Branches:
Dungeon (2/15)

Altars:


Message History

The jelly barely misses you.
Unknown command.
You hit the jelly but do no damage.
Your hands burn!
You slash the jelly!
You kill the jelly!
You hit the endoplasm.
You kill the endoplasm!
The jelly hits you but does no damage.
Your Axes skill increases to level 5!
You have reached level 5!
You feel stronger.
You slash the jelly!
Your hands burn!
The jelly is heavily wounded.
You slash the endoplasm!
You kill the endoplasm!
The jelly hits you. The acid corrodes you!
You are splashed with acid!
* * * LOW HITPOINT WARNING * * *
Unknown command.
The endoplasm attacks as you move away!
The endoplasm hits you but does no damage.
The jelly hits you but does no damage.
There is an open door here.
The jelly attacks as you move away! The jelly completely misses you.
You slash the jelly!
You kill the jelly!
Your Axes skill increases to level 6!
You hit the endoplasm.
The endoplasm is almost dead.
The endoplasm freezes you.
You are frozen.
* * * LOW HITPOINT WARNING * * *
You slash the endoplasm!
You kill the endoplasm!
You hit the endoplasm but do no damage. The endoplasm freezes you.
You are frozen.
* * * LOW HITPOINT WARNING * * *
Things that are here:
a +0 short sword; a kobold corpse The endoplasm attacks as you move away!
The endoplasm hits you.
You die...

..####
##.....########.######
.....# ####.......#
#.# ..##.#
##.##.......# ###.#
.....###.###.......#
..#.# ........##
#.......# #.#.#
.....###.# #[...####
#.#.# ..##.#####
#....'..## ##.#.#
.......###
########.###..>.#
...###.#.#
##..J@..###.....####
.#.# #...###'#######
#........#
.#.###.#.##.J......÷
#.....##.#
.#.....#.##...÷...P.
##.....#.#
.#######.##...P...P.
##......# .##
#.##.P.P..... #....#.#
.>######.##.÷.P....÷
#......#
........(##.P...P..$
#####..#
..######.###########
#######..#


You could see an endoplasm.

Vanquished Creatures
  2 jellies (D:2)
  A gnoll (D:1)
  4 adders (D:2)
  A worm (D:2)
  A dart slug (D:2)
  10 endoplasms
  2 giant cockroaches
  6 goblins
  7 hobgoblins
  11 kobolds
  2 quokkas (D:2)
  5 ball pythons
  5 bats
  A frilled lizard (D:2)
  5 rats
63 creatures vanquished.

Notes
Turn   | Place    | Note
-------+----------+-------------------------------------------
     0 | D:1      | Eitelfritz the Hill Orc Fighter began the quest for the
                  | Orb.
     0 | D:1      | Reached XP level 1. HP: 19/19 MP: 1/1
    42 | D:1      | Reached XP level 2. HP: 20/27 MP: 2/2
    45 | D:1      | Reached skill level 3 in Axes
   184 | D:1      | Found a faded altar of an unknown god.
   242 | D:1      | Reached XP level 3. HP: 33/33 MP: 3/3
   510 | D:2      | Reached skill level 4 in Axes
   510 | D:2      | Reached XP level 4. HP: 38/40 MP: 4/4
  1222 | D:2      | Reached skill level 5 in Axes
  1222 | D:2      | Reached XP level 5. HP: 21/46 MP: 5/5
  1228 | D:2      | Reached skill level 6 in Axes
  1230 | D:2      | HP: 2/46 [frozen (5)]
  1232 | D:2      | Slain by an endoplasm

Illustrated notes

Levels and vault maps discovered:
D:1:      dpeg_arrival_arbitrary_c, layout_rooms,
          hellmonk_ecumenical_altar_pennies_from_heaven
D:2:      cheibrodos_fertilizer, layout_loops_ring, palyth_stone_intersect

Skill      XL: |  1  2  3  4  5 |
---------------+----------------+-----
Axes           | 3 4 5 6 |  6.0
Fighting       | 4 |  4.1
Armour         | 4 |  4.0
Dodging        | |  0.2
Stealth        | |  0.1
Shields        | |  3.7

Action                     |  1- 3 |  4- 6 || total
---------------------------+-------+-------++-------
  Melee: War axe           |    72 |    86 ||   158
 Armour: Scale mail        |    14 |       ||    14
         Chain mail        |    35 |    46 ||    81
  Dodge: Dodged            |    33 |    37 ||    70
  Block: Buckler           |    11 |    23 ||    34
